[Event "*** Titled Tuesday Blitz"]
[Site "Chess.com"]
[Date "2021.04.20"]
[Round "7"]
[White "rachidhuilda"]
[Black "GAusal"]
[Result "0-1"]
[WhiteElo "2273"]
[BlackElo "2035"]
[TimeControl "180+1"]
[EndTime "11:17:27 PDT"]
[Termination "GAusal won on time"]

1. d4 d5 2. c4 c6 3. Nf3 Nf6 4. Nc3 g6 5. c5 Bg7 6. Bf4 O-O 7. h3 Nh5 8. Bh2 Nd7 9. g4 Nhf6 10. e3 Re8 11. Bg2 Ne4 12. Qc2 Qa5 13. O-O Nxc3 14. Qxc3 Qxc3 15. bxc3 e5 16. Rab1 e4 17. Nd2 f5 18. gxf5 gxf5 19. Kh1 Nf6 20. Rg1 Kf7 21. Be5 Bh6 22. c4 Nd7 23. Bd6 Nf6 24. cxd5 Nxd5 25.
Nc4 f4 26. Ne5+ Ke6 27. Bxe4 fxe3 28. Bxd5+ Kxd5 29. fxe3 Bxe3 30. Rgd1 Bf5 31. Rb3 Be4+ 32. Kh2 Bf4+ 33. Kg1 Rg8+ 34. Kf1 Bg2+ 35. Kf2 Be4 36. Rg1 Rxg1 37. Kxg1 Rg8+ 38. Kf1 b6 39. Nd7 Kxd4 40. Bxf4 bxc5 41. Rb2 c4 42. Rd2+ Bd3+ 43. Kf2 c3 44. Rd1 c5 45. Ne5 c4 46. Be3+ Kxe5 47.
h4 Ke4 48. Bg5 Rf8+ 49. Kg3 c2 50. Re1+ Kd4 51. Kg4 Kc3 52. h5 Kb2 53. Bc1+ Kxa2 54. Re7 Kb3 55. Rb7+ Kc3 56. Rxa7 Rf1 57. Ra3+ Kb4 58.
Ra1 Rxc1 59. Rxc1 Kb3 60. Kg5 Kb2 61. Re1 c1=Q+ 62. Rxc1 Kxc1 0-1

[Event "*** Titled Tuesday Blitz"]
[Site "Chess.com"]
[Date "2021.04.20"]
[Round "7"]
[White "Firouzja2003"]
[Black "TigrVShlyape"]
[Result "0-1"]
[WhiteElo "3114"]
[BlackElo "2838"]
[TimeControl "180+1"]
[EndTime "11:17:28 PDT"]
[Termination "TigrVShlyape won by resignation"]

1. d4 Nf6 2. Bg5 d5 3. e3 c5 4.
Bxf6 gxf6 5. dxc5 e6 6. c4 dxc4 7. Nd2 c3 8. bxc3 Nd7 9. Qh5 Qa5 10. Rc1 Qxc5 11. Qh4 Qg5 12. Qa4 f5 13. Ngf3 Qe7 14.
Qd4 Qf6 15. Bb5 Qxd4 16. cxd4 a6 17. Be2 b5 18. O-O Bb7 19. Ng5 Be7 20. Rc7 Bd5 21.
Nxf7 Kxf7 22. Rxd7 Rhd8 23. Rxd8 Rxd8 24. Bf3 Rc8 25. Bxd5 exd5 26. Ra1 Rc2 27. Nf3 Bb4 28. Ne5+ Ke6 29. Nd3 Bc3 30. Rc1 Rxc1+ 31. Nxc1 a5 32. Kf1 a4 33. Ke2 b4 34. Kd3 Be1 35. Ke2 Bc3 36. Kd1 f4 37. Nd3 fxe3 38. fxe3 Kf5 39. Nc5 b3 40. axb3 a3 41. b4 a2 42. Nb3 Bxb4 43.
Kc2 Ke4 44. Kb2 Kxe3 45. Kxa2 Kf2 46. Nc5 Kxg2 47. Nd3 Bd6 48. h4 Kf3 49. Kb3 Kg4 50.
Nc1 Kxh4 51. Na2 Kg4 52. Nc3 h5 53. Nxd5 Kf3 54. Nf6 h4 55. Nh7 Be7 56. d5 h3 57. d6 Bd8 58. Nf8 h2 59. Ne6 Bf6 0-1

[Event "*** Titled Tuesday Blitz"]
[Site "Chess.com"]
[Date "2021.04.20"]
[Round "7"]
[White "albi1999"]
[Black "martinique24"]
[Result "0-1"]
[WhiteElo "2600"]
[BlackElo "2492"]
[TimeControl "180+1"]
[EndTime "11:17:29 PDT"]
[Termination "martinique24 won by resignation"]

1. d4 Nf6 2. c4 g6 3. g3 Bg7 4.
Bg2 O-O 5. Nc3 d6 6. Nf3 Nc6 7. O-O e5 8. dxe5 dxe5 9. Bg5 Be6 10. Qa4 Qb8 11. Rad1 Nd7 12. Qa3 f6 13. Be3 Nb6 14.
b3 Qe8 15. Ne4 Nd7 16. Rd2 h6 17. Rfd1 f5 18. Nc5 Nxc5 19. Bxc5 Rf7 20. Nh4 Kh7 21.
Bd5 e4 22. Ng2 g5 23. f4 exf3 24. exf3 Bxd5 25. Rxd5 Qe2 26. f4 g4 27. b4 Qxc4 28. Ne3 Qe4 29. Qd3 Re8 30. Qxe4 Rxe4 31. b5 Nb4 32. Rxf5 Rxf5 33. Nxf5 Kg6 34. Nxg7 Kxg7 35. Rd7+ Kg6 36. Rxc7 b6 37. Bxb4 Rxb4 38. Rxa7 Rxb5 39. Ra6 Rb2 40. a4 Kf5 41. a5 bxa5 42. Rxa5+ Ke4 43. Ra3 h5 44. Rc3 h4 45. Ra3 h3 46. Rc3 Rg2+ 47. Kh1 Re2 48. Kg1 Re1+ 49. Kf2 Rh1 50. Rc4+ Kd3 51. Rc5 Rxh2+ 52. Kf1 Ra2 53. Rh5 Ke3 54.
f5 0-1

[Event "*** Titled Tuesday Blitz"]
[Site "Chess.com"]
[Date "2021.04.20"]
[Round "7"]
[White "superchess02"]
[Black "dropstoneDP"]
[Result "1/2-1/2"]
[WhiteElo "2743"]
[BlackElo "2927"]
[TimeControl "180+1"]
[EndTime "11:17:30 PDT"]
[Termination "Game drawn - insufficient material"]

1. c4 g6 2. Nc3 c5 3. Nf3 Bg7 4. g3 Nc6 5. Bg2 a6 6. O-O d6 7. b3 Rb8 8. Bb2 b5 9. d3 Bb7 10. Rc1 e6 11. Qd2 Nd4 12. Nxd4 cxd4 13. Bxb7 Rxb7 14.
Ne4 Ne7 15. cxb5 Rxb5 16. Qf4 Nf5 17. g4 Be5 18. Qf3 Nh4 19. Qh3 O-O 20. f4 Bg7 21.
Rc6 Rd5 22. Ng5 h6 23. Qxh4 hxg5 24. fxg5 a5 25. Qg3 Qxg5 26. h4 Qd2 27. Bc1 Qxe2 28.
Re1 Qxa2 29. Bf4 Qxb3 30. Bxd6 Re8 31. Rf1 Qb5 32. Rc7 f5 33. gxf5 Rxf5 34. Qxg6 Rxf1+ 35. Kh2 Rf2+ 36. Kg3 Rf3+ 37. Kxf3 Qf5+ 38. Qxf5 exf5 39.
Ra7 Re3+ 40. Kf4 Rxd3 41. Kxf5 Rf3+ 42. Kg4 Rf1 43. Rxa5 Bf6 44. Rf5 Rg1+ 45. Kh3 Kg7 46. Be5 Bxe5 47. Rxe5 d3 48. Rd5 Rd1 49. Kg3 Kf6 50.
Kf3 Ke6 51. Rd8 Ke5 52. Ke3 Re1+ 53. Kd2 Rh1 54. Rxd3 Rxh4 55. Re3+ Re4 56. Rxe4+ Kxe4 1/2-1/2

[Event "*** Titled Tuesday Blitz"]
[Site "Chess.com"]
[Date "2021.04.20"]
[Round "7"]
[White "sergeikim"]
[Black "McCarthyStone"]
[Result "0-1"]
[WhiteElo "2517"]
[BlackElo "2390"]
[TimeControl "180+1"]
[EndTime "11:17:30 PDT"]
[Termination "McCarthyStone won on time"]

1. d4 d5 2. c4 Nc6 3. Nc3 Nf6 4. Nf3 Bg4 5. e3 e6 6. Bd3 Bd6 7. h3 Bh5 8. O-O O-O 9. Re1 a6 10. a3 dxc4 11. Bxc4 e5 12. dxe5 Nxe5 13. Be2 Qe7 14. Nd5 Nxd5 15. Qxd5 c6 16. Qe4 f5 17. Qc2 Nxf3+ 18. gxf3 Qg5+ 19. Kh1 Kh8 20. Qc4 b5 21. Qxc6 Rad8 22. f4 Qh4 23. Qg2 Bxe2 24. Rxe2 Rf6 25.
Bd2 Rg6 26. Qf3 Re8 27. Rg1 Rh6 28. Rg3 Rd8 29. Bc3 Bf8 30. Rd2 Rxd2 31. Bxd2 Qd8 32.
Bc3 Qd3 33. Kg2 Rg6 34. Rxg6 hxg6 35. Qb7 a5 36. Qf7 Qd6 37. Be5 Qe7 38. Qxg6 b4 39.
Qxf5 bxa3 40. bxa3 Qxa3 41. Qe6 Qe7 42. Qd5 a4 43. f5 a3 44. Ba1 Qg5+ 45. Kf3 Qh5+ 46. Ke4 Qxh3 0-1

[Event "*** Titled Tuesday Blitz"]
[Site "Chess.com"]
[Date "2021.04.20"]
[Round "7"]
[White "esrosenberg"]
[Black "chessdiamant"]
[Result "0-1"]
[WhiteElo "2199"]
[BlackElo "2336"]
[TimeControl "180+1"]
[EndTime "11:17:30 PDT"]
[Termination "chessdiamant won by checkmate"]

1. Nf3 c5 2. b4 cxb4 3. a3 bxa3 4. c4 Nc6 5. e4 e5 6. Be2 Nf6 7. Nc3 Bc5 8. O-O O-O 9. Nxe5 Nxe5 10. d4 Bb4 11.
Na2 Bd6 12. dxe5 Bxe5 13. Bxa3 Bxa1 14. Qxa1 Re8 15. f3 d5 16. cxd5 Qb6+ 17. Kh1 Nxd5 18. Rb1 Qf6 19. Bb2 Qg6 20. Bb5 Ne3 21. Rg1 Rd8 22.
Qe1 Nd1 23. Ba1 Be6 24. Nc3 Nxc3 25. Qxc3 Rac8 26. Qb2 a6 27. Be2 b5 28. f4 Bc4 29.
f5 Qg5 30. Bf3 h5 31. Bxh5 a5 32. Bf3 a4 33. Qe5 f6 34. Qe7 a3 35. e5 Qxf5 36. exf6 gxf6 37. Bxf6 Rd7 38. Qe5 Qxe5 39. Bxe5 a2 40. Bg4 Rcd8 41. Bxd7 Rxd7 42. Ba1 b4 43. Rc1 b3 44. h4 Bf7 45. Rc3 Rd1+ 46. Kh2 Rxa1 47.
Rc8+ Kg7 48. Rc7 Rb1 49. h5 a1=Q 50. h6+ Kxh6 51. Rc6+ Bg6 52. Ra6 Rh1+ 53. Kg3 Qxa6 54. Kg4 Qd3 55. g3 Qf5# 0-1

[Event "*** Titled Tuesday Blitz"]
[Site "Chess.com"]
[Date "2021.04.20"]
[Round "7"]
[White "Steegersee"]
[Black "HackingKid98"]
[Result "0-1"]
[WhiteElo "2238"]
[BlackElo "2469"]
[TimeControl "180+1"]
[EndTime "11:17:31 PDT"]
[Termination "HackingKid98 won by checkmate"]

1. e4 d5 2. exd5 Qxd5 3. Nc3 Qd6 4. Nf3 c6 5. b3 Nf6 6. Bb2 Bg4 7. h3 Bh5 8. g4 Bg6 9. Bg2 e6 10. d4 Qc7 11.
Qe2 Bb4 12. a3 Ba5 13. O-O-O Nbd7 14. Ne5 Nxe5 15. dxe5 Nd5 16. Ne4 Bxe4 17. Qxe4 Nc3 18. Qe3 Nxd1 19. Rxd1 Rd8 20. Rd6 O-O 21. b4 Bb6 22.
Qd2 Qc8 23. f4 Bc7 24. Rxd8 Rxd8 25. Qe2 Qd7 26. Be4 Bb6 27. Qd3 Qxd3 28. cxd3 Bd4 29.
Bxd4 Rxd4 30. Kc2 Rd8 31. Kc3 f6 32. Kc4 Kf7 33. d4 g5 34. fxg5 fxg5 35. Bxh7 Rh8 36. Be4 Rxh3 37. Kc5 Rxa3 38. Kd6 Ra4 39. Bb1 Rxb4 40.
Ba2 Rxd4+ 41. Kc7 Rxg4 42. Kxb7 Re4 43. Kxa7 Rxe5 44. Kb6 Kf6 45. Kxc6 g4 46. Bc4 g3 47.
Bf1 Kg5 48. Bh3 Re1 49. Bg2 Kf4 50. Kd6 Ke3 51. Bh3 Kf2 52. Bg4 g2 53. Bh5 g1=Q 54. Bg6 Qg3+ 55. Ke7 Qf4 56. Ke8 e5 57. Bf7 e4 58.
Ke7 e3 59. Kf8 e2 60. Kg7 Ra1 61. Bg6 Ra7+ 62. Kg8 Qb8+ 63. Be8 Qxe8# 0-1

[Event "*** Titled Tuesday Blitz"]
[Site "Chess.com"]
[Date "2021.04.20"]
[Round "7"]
[White "Andrakhanova"]
[Black "Nayemhaque22"]
[Result "0-1"]
[WhiteElo "2308"]
[BlackElo "2452"]
[TimeControl "180+1"]
[EndTime "11:17:31 PDT"]
[Termination "Nayemhaque22 won by resignation"]

1. c4 c6 2. e4 d5 3. exd5 cxd5 4. d4 Nf6 5. Nc3 Nc6 6. Nf3 e6 7. cxd5 Nxd5 8. Bd3 Bb4 9. Bd2 O-O 10. O-O Be7 11. Re1 Bf6 12. Nxd5 Qxd5 13. Be4 Qd6 14. Bc3 Rd8 15. Qc2 h6 16. Rad1 Ne7 17. Ne5 Nd5 18. Ng4 Be7 19. g3 b6 20. Ne5 Bb7 21. Bh7+ Kf8 22. Rd3 Rac8 23. Qd2 Bf6 24. Ng4 Bg5 25. f4 Be7 26. f5 exf5 27. Ne5 Bg5 28. Qf2 Nxc3 29.
bxc3 Qd5 30. Nf3 g6 31. h4 Bf6 32. h5 Kg7 33. hxg6 fxg6 34. Bxg6 Kxg6 35. Rde3 Bc6 36. Kh2 Re8 37. Ne5+ Bxe5 38. dxe5 Rcd8 39. e6 Re7 40. g4 fxg4 41. Re5 Qf3 42. Qxf3 Bxf3 43. R1e3 Rd2+ 44. Kg3 Kf6 45. Kf4 Rxa2 46. Rf5+ Kg6 47. Rf8 Ra4+ 48. Kg3 Re4 49. Rfxf3 R7xe6 50. Rxe4 Rxe4 51. Rd3 Rc4 52. Rd6+ Kf5 53. Rd5+ Ke6 54. Rh5 Rxc3+ 55. Kxg4 Kd6 56.
Rxh6+ Kc5 57. Kf4 a5 58. Ke4 a4 59. Rh8 a3 60. Rc8+ Kb4 61. Rb8 b5 62. Kd4 a2 63.
Ra8 Ra3 0-1

[Event "*** Titled Tuesday Blitz"]
[Site "Chess.com"]
[Date "2021.04.20"]
[Round "7"]
[White "Rytenko_V"]
[Black "artichaud"]
[Result "0-1"]
[WhiteElo "2330"]
[BlackElo "2233"]
[TimeControl "180+1"]
[EndTime "11:17:33 PDT"]
[Termination "artichaud won by checkmate"]

1. d4 d6 2. c4 e5 3. Nc3 Nd7 4. Nf3 Ngf6 5. e4 Be7 6. d5 O-O 7. h3 Nc5 8. Bd3 a5 9. Be3 b6 10. O-O Ne8 11. Qc2 g6 12. a3 Ng7 13. b4 Nxd3 14.
Qxd3 f5 15. Bh6 Rf7 16. c5 Nh5 17. Rac1 axb4 18. axb4 bxc5 19. bxc5 Ba6 20. Nb5 fxe4 21. Qxe4 Bxb5 22. Rfe1 Bd7 23. cxd6 cxd6 24. Ra1 Rxa1 25.
Rxa1 Nf4 26. Nxe5 dxe5 27. d6 Bxd6 28. Ra8 Bc8 29. Qc4 Bc7 30. h4 Ne6 31. g3 Nd4 32.
Bg5 Qd7 33. Bh6 Nf5 34. Bg5 h6 35. Bc1 Kh7 36. Kh2 Re7 37. Ra7 Qd6 38. Bb2 Be6 39. Ra6 Qd7 40. Qc3 Bf7 41. Ra7 Nd4 42. Ba3 Re6 43. Qd2 Nf3+ 44. Kg2 Nxd2 45. Bb4 Qd5+ 46. Kg1 Rc6 47. Ra5 Nf3+ 48. Kg2 Bxa5 49. Kh3 Ng1+ 50. Kg4 Qe4+ 51. f4 exf4 52. h5 f3# 0-1

[Event "*** Titled Tuesday Blitz"]
[Site "Chess.com"]
[Date "2021.04.20"]
[Round "7"]
[White "Msb2"]
[Black "GoltsevDmitry2000"]
[Result "1-0"]
[WhiteElo "2915"]
[BlackElo "2740"]
[TimeControl "180+1"]
[EndTime "11:17:34 PDT"]
[Termination "Msb2 won by resignation"]

1. d4 Nf6 2. c4 e6 3. Nc3 Bb4 4. e3 Qe7 5. Bd2 b6 6. Bd3 Bb7 7. Nf3 Bxc3 8. Bxc3 Ne4 9. Bxe4 Bxe4 10. d5 exd5 11. cxd5 O-O 12. Qd4 f6 13. h4 Bxf3 14.
gxf3 d6 15. h5 Nd7 16. h6 g6 17. O-O-O Rae8 18. Rdg1 a5 19. Rh3 Nc5 20. b3 Qe5 21. Kb2 Qxd4 22. Bxd4 Kf7 23. Kc3 Re7 24. a3 Nd7 25. b4 axb4+ 26. axb4 Ra8 27. Kb3 b5 28. Rhh1 Ne5 29. Bxe5 Rxe5 30. e4 f5 31. Rc1 Ra7 32. Rhe1 f4 33. Ra1 Rxa1 34. Rxa1 Ke7 35. Ra5 Rh5 36.
Rxb5 Rxh6 37. Rb7 Kd7 38. Kc4 Rh3 39. b5 Kc8 40. Ra7 Rxf3 41. b6 cxb6 42. Kb5 Rc3 43. Rxh7 g5 44. Rg7 Rc2 45. Kxb6 Rxf2 46. Kc6 Kb8 47. Kxd6 Rg2 48. e5 f3 49. e6 Re2 50.
Rxg5 f2 51. Rf5 Kc8 52. Rf8+ Kb7 53. e7 Kb6 54. Rxf2 Rxf2 55. e8=Q Rf6+ 56. Qe6 1-0

[Event "*** Titled Tuesday Blitz"]
[Site "Chess.com"]
[Date "2021.04.20"]
[Round "7"]
[White "Shahaliyev"]
[Black "JAAC2002"]
[Result "1/2-1/2"]
[WhiteElo "2669"]
[BlackElo "2528"]
[TimeControl "180+1"]
[EndTime "11:17:34 PDT"]
[Termination "Game drawn - insufficient material"]

1. e4 e6 2. d4 d5 3. Nc3 Bb4 4. a3 Bxc3+ 5. bxc3 dxe4 6. Qg4 Nf6 7. Qxg7 Rg8 8. Qh6 Rg6 9. Qd2 c5 10. Ne2 Nc6 11. Nf4 Rg8 12. Bb2 Qb6 13. Rb1 Bd7 14. Be2 O-O-O 15. O-O Nd5 16. Nxd5 exd5 17. c4 Bh3 18. g3 Bxf1 19. Bxf1 Nxd4 20. Qf4 f5 21. Bxd4 Qxb1 22. Be5 Rgf8 23. cxd5 Rxd5 24. Kg2 Qd1 25. Bc4 Qf3+ 26. Kh3 Qxf4 27. Bxf4 Rfd8 28. Bxd5 Rxd5 29.
Kh4 c4 30. c3 Rd3 31. Be5 Rf3 32. Bd4 b5 33. Kg5 a5 34. Kh6 f4 35. Kxh7 fxg3 36.
hxg3 Kd7 37. g4 Rf4 38. g5 Rg4 39. Kg6 Ke6 40. Bb6 b4 41. cxb4 axb4 42. axb4 c3 43. Be3 c2 44. b5 Kd5 45. Kf5 Rg1 46. g6 c1=Q 47. Bxc1 Rxc1 48. g7 Rg1 49. Kf6 Kc5 50.
Kf7 Kxb5 51. g8=Q Rxg8 52. Kxg8 Kc4 53. Kf7 Kd3 54. Ke6 Ke2 55. Ke5 Kf3 56. Kd4 Kxf2 57. Kxe4 1/2-1/2

[Event "*** Titled Tuesday Blitz"]
[Site "Chess.com"]
[Date "2021.04.20"]
[Round "7"]
[White "ErikRonka"]
[Black "Artem_Sadovsky"]
[Result "1-0"]
[WhiteElo "2489"]
[BlackElo "2621"]
[TimeControl "180+1"]
[EndTime "11:17:35 PDT"]
[Termination "ErikRonka won on time"]

1. d4 g6 2. e4 Bg7 3. Nc3 c6 4. Be3 d5 5. f3 Nf6 6. Qd2 dxe4 7.
fxe4 Ng4 8. O-O-O Nxe3 9. Qxe3 h5 10. Kb1 b5 11. Nf3 Qa5 12. Bd3 b4 13. Ne2 Be6 14. d5 cxd5 15. Ned4 Bd7 16. exd5 O-O 17. Ne5 Qxd5 18.
Ndf3 Be6 19. Bc4 Qa5 20. Bxe6 fxe6 21. Nxg6 Rf6 22. Qe4 Nc6 23. Qxc6 Rb8 24. Nxe7+ Kh8 25. Qe4 b3 26. cxb3 Rb4 27. Qd3 Rb7 28. Qd8+ Qxd8 29. Rxd8+ Kh7 30. Nc6 Rc7 31. Nce5 Rf5 32. Nc4 Bf6 33. Rd3 Rg7 34. Rhd1 Rxg2 35. Rd7+ Kg6 36.
R7d2 Rxd2 37. Ncxd2 e5 38. Rg1+ Kf7 39. Ne1 Rf2 40. Kc1 Bh4 41. Ne4 Re2 42. Nc3 Rxe1+ 43. Rxe1 Bxe1 44. Ne4 Ke6 45. Kd1 Bb4 46. Ke2 Kf5 47. Kf3 Be7 48. Ng3+ Kg5 49. Ke4 h4 50. Nf5 Bf6 51. Ne3 h3 52. Nf1 Kg4 53. Ne3+ Kg5 54.
Kf3 1-0

[Event "*** Titled Tuesday Blitz"]
[Site "Chess.com"]
[Date "2021.04.20"]
[Round "7"]
[White "AttractiveMustard"]
[Black "CURRUTACO59"]
[Result "1-0"]
[WhiteElo "2360"]
[BlackElo "2178"]
[TimeControl "180+1"]
[EndTime "11:17:35 PDT"]
[Termination "AttractiveMustard won on time"]

1. e4 e5 2. Nf3 Nf6 3. Nxe5 d6 4. Nf3 Nxe4 5. d4 d5 6. Bd3 Be7 7. O-O Nc6 8. Nc3 Nf6 9. h3 O-O 10. Re1 Nb4 11. Bg5 Nxd3 12. Qxd3 Be6 13. Ne2 h6 14.
Bh4 c6 15. Nf4 Bd7 16. Bxf6 Bxf6 17. Ne5 Re8 18. Re2 Qc8 19. Nh5 Bxe5 20. dxe5 Bf5 21. Qg3 Bg6 22. Nf4 Qf5 23. Nxg6 fxg6 24. Rae1 Re6 25. Qg4 Rf8 26. Qxf5 gxf5 27. f4 g5 28. g3 Kf7 29. Kf2 Rg8 30. Kf3 c5 31. c3 Rge8 32. Rd2 Rb6 33. b3 Ke6 34. h4 g4+ 35. Ke3 h5 36. Red1 Rd8 37. Kd3 Rc6 38. Kc2 b5 39. Kb2 Rc7 40. a3 a5 41. b4 axb4 42. axb4 cxb4 43. cxb4 Rc4 44. Kb3 Re4 45. Rd3 Rc4 46.
Ra1 Rc6 47. Ra7 1-0

[Event "*** Titled Tuesday Blitz"]
[Site "Chess.com"]
[Date "2021.04.20"]
[Round "7"]
[White "halldorgretar"]
[Black "NefeLV"]
[Result "1-0"]
[WhiteElo "2121"]
[BlackElo "1811"]
[TimeControl "180+1"]
[EndTime "11:17:35 PDT"]
[Termination "halldorgretar won by checkmate"]

1. d4 e6 2. c4 d5 3. Nf3 Nf6 4. g3 Be7 5. Bg2 O-O 6. O-O c5 7. cxd5 exd5 8. Nc3 Nc6 9. Bg5 cxd4 10. Nxd4 h6 11.
Bf4 Be6 12. Rc1 Rc8 13. Nxc6 bxc6 14. Qa4 d4 15. Rfd1 c5 16. Qxa7 Bd5 17. Nxd5 Nxd5 18.
Bxd5 Qxd5 19. Qxe7 Rfe8 20. Qd6 Qxa2 21. Rc2 Qb3 22.
Rdc1 Red8 23. Qe5 c4 24. Qf5 Rc6 25. h4 Rdc8 26. Qe4 Qb6 27. Be5 c3 28. Bxd4 cxb2 29. Bxb6 bxc1=Q+ 30. Rxc1 Rxc1+ 31. Kg2 R1c6 32. Bd4 Rg6 33.
Qe5 Rcc6 34. f4 h5 35. f5 Rgf6 36. Qe8+ Kh7 37. Bxf6 Rxf6 38. e4 g6 39. Qe7 Kg7 40. e5 Rxf5 41. e6 Re5 42. Qxf7+ Kh6 43. Qf8+ Kh7 44.
e7 Re2+ 45. Kf3 Re1 46. Qf7+ Kh6 47. Qf8+ Kh7 48. Qf7+ Kh6 49. e8=Q Rf1+ 50. Kg2 Rg1+ 51. Kxg1 g5 52. Qg6# 1-0

[Event "*** Titled Tuesday Blitz"]
[Site "Chess.com"]
[Date "2021.04.20"]
[Round "7"]
[White "guillembaches"]
[Black "AsaHoffmann"]
[Result "1-0"]
[WhiteElo "2511"]
[BlackElo "2350"]
[TimeControl "180+1"]
[EndTime "11:17:37 PDT"]
[Termination "guillembaches won on time"]

1. e4 d6 2. d4 Nf6 3. f3 c6 4. Be3 Nbd7 5. c4 e5 6. Nc3 Be7 7. Qd2 a6 8. O-O-O b5 9. Kb1 b4 10. Na4 c5 11. dxc5 dxc5 12. Nxc5 Nxc5 13. Qxd8+ Bxd8 14. Bxc5 Be7 15. Be3 Be6 16. g4 h6 17. Nh3 O-O 18.
g5 hxg5 19. Nxg5 Bd7 20. h4 Bc6 21. h5 Rfd8 22. Rxd8+ Rxd8 23. Be2 a5 24. h6 gxh6 25. Rxh6 Kg7 26. Rh1 a4 27. Kc2 Rc8 28. b3 axb3+ 29.
axb3 Ra8 30. Kb2 Nd7 31. Ra1 Rh8 32. Kc2 Rh2 33. Kd3 Nc5+ 34. Bxc5 Bxc5 35. Ra6 Be8 36. Ra8 Kf8 37. Rc8 Be7 38. f4 exf4 39. Nf3 Rh1 40. e5 Rc1 41. Ke4 Rc3 42. Kxf4 Rxb3 43. c5 Rc3 44. c6 Rxc6 45. Rb8 Rc3 46. Bb5 Kg7 47.
Rxe8 b3 48. Rxe7 b2 49. Bd3 Rxd3 50. Rb7 Rc3 51. Rxb2 Rc4+ 52. Kf5 Rc3 53. Ng5 Rc1 54. Rb7 Rf1+ 55. Kg4 Rg1+ 56. Kf4 Rf1+ 57. Nf3 Kg6 58.
Rb6+ Kg7 59. Rf6 Rf2 60. Rf5 Rf1 61. Rg5+ 1-0

[Event "*** Titled Tuesday Blitz"]
[Site "Chess.com"]
[Date "2021.04.20"]
[Round "7"]
[White "Arystanner"]
[Black "ckgchess"]
[Result "1-0"]
[WhiteElo "2809"]
[BlackElo "2695"]
[TimeControl "180+1"]
[EndTime "11:17:40 PDT"]
[Termination "Arystanner won by resignation"]

1. e4 c5 2. Nf3 d6 3. d4 cxd4 4. Nxd4 Nf6 5. Nc3 a6 6. Rg1 e5 7. Nb3 Be6 8. g4 d5 9. exd5 Nxd5 10. Nxd5 Qxd5 11. Qxd5 Bxd5 12. Be3 Nc6 13. O-O-O O-O-O 14. Bb6 Rd7 15. a3 Be7 16. g5 Be6 17. Rxd7 Bxd7 18. Bc4 Be6 19. Bxe6+ fxe6 20. Nd2 Rf8 21. Be3 Nd4 22.
Kd1 Nf3 23. Rg3 Nxd2 24. Kxd2 Kd7 25. Kd3 Kd6 26. a4 b5 27. Rg4 Kd5 28. b3 b4 29.
Rc4 Rf3 30. h4 Bd6 31. Rc8 e4+ 32. Ke2 Rh3 33. Ra8 Rxh4 34. Rxa6 h5 35. gxh6 gxh6 36. Ra8 Rh1 37. a5 h5 38. a6 h4 39. a7 h3 40. Rh8 Ra1 41. a8=Q+ Rxa8 42. Rxa8 Be5 43.
Kf1 Kd6 44. Ra6+ Ke7 45. Kg1 Kf6 46. Rc6 Kf5 47. Rc4 Bc3 48. Bc5 Kf4 49. Bxb4 Be5 50. Bd2+ Kf3 51. Be3 Bg3 52. fxg3 Kxe3 53. b4 Kf3 54. b5 e3 55. Rc3 h2+ 56. Kxh2 Kf2 57. Rxe3 Kxe3 58. b6 1-0

[Event "*** Titled Tuesday Blitz"]
[Site "Chess.com"]
[Date "2021.04.20"]
[Round "7"]
[White "Jumbo"]
[Black "I_Enchev"]
[Result "1/2-1/2"]
[WhiteElo "2794"]
[BlackElo "2622"]
[TimeControl "180+1"]
[EndTime "11:17:40 PDT"]
[Termination "Game drawn - insufficient material"]

1. d4 Nf6 2. c4 e5 3. Nf3 exd4 4. Nxd4 Bb4+ 5. Bd2 Bxd2+ 6. Qxd2 O-O 7. Nc3 d5 8.
e3 c5 9. Nf3 dxc4 10. Qxd8 Rxd8 11. Bxc4 Nc6 12. Ke2 Bg4 13. h3 Bxf3+ 14. gxf3 Kf8 15.
f4 b6 16. Rad1 Ke7 17. a3 Rac8 18. Rhg1 g6 19. Rxd8 Rxd8 20. Bb5 Rd6 21. h4 Nd8 22. e4 Rd4 23. Ke3 Ne6 24. f3 Nc7 25. Bd3 Nh5 26. Ne2 Rd8 27. Bc4 Ne6 28. f5 Nc7 29.
fxg6 hxg6 30. f4 Nf6 31. e5 Nh5 32. Nc3 Ng7 33. Bd3 Rh8 34. Rh1 Nge6 35. f5 gxf5 36. Bxf5 Nd4 37. Bg4 Nc6 38. Kf4 b5 39. Bf3 Nd4 40.
Nd5+ Nxd5+ 41. Bxd5 Ne6+ 42. Kf3 Rh5 43. Ke4 Ng5+ 44.
Kf4 Ne6+ 45. Ke4 Nf8 46. Bc6 a6 47. Bb7 a5 48. Ba6 b4 49. axb4 axb4 50. Kd5 Nd7 51. Bb5 Rxe5+ 52. Kc6 Rh5 53. Re1+ Ne5+ 54. Kxc5 f6 55.
Re4 Kd8 56. Kxb4 Ng6 57. Be2 Rxh4 58. Rxh4 Nxh4 59. Bd3 Kc7 60. Be4 f5 61. Bh1 f4 62.
Kc5 f3 63. Bxf3 Nxf3 64. b4 Kb7 65. b5 Kc7 66. b6+ Kb7 67. Kc4 Nd4 68. Kd5 Kxb6 1/2-1/2

[Event "*** Titled Tuesday Blitz"]
[Site "Chess.com"]
[Date "2021.04.20"]
[Round "7"]
[White "kritipatel"]
[Black "jraosam"]
[Result "0-1"]
[WhiteElo "1734"]
[BlackElo "1910"]
[TimeControl "180+1"]
[EndTime "11:17:41 PDT"]
[Termination "jraosam won by checkmate"]

1. e4 c5 2. d4 cxd4 3. c3 dxc3 4. Nxc3 Nc6 5. Nf3 g6 6. Bc4 Bg7 7. O-O Nf6 8. Qe2 d6 9. Rd1 Qc7 10. Bf4 O-O 11. Nb5 Qb8 12. e5 Nh5 13. Bg5 a6 14.
exd6 axb5 15. dxe7 bxc4 16. exf8=Q+ Bxf8 17. Qxc4 Be6 18. Qh4 Ne5 19. Nd4 Bc8 20. f4 Nc6 21.
Nf3 f6 22. Bxf6 Qxf4 23. Qxf4 Nxf4 24. Ng5 h6 25. Ne4 Bf5 26. Ng3 Bc5+ 27. Kh1 Be6 28.
Rf1 g5 29. h4 Bd5 30. hxg5 Bxg2+ 31. Kh2 Bxf1 32. Rxf1 hxg5 33. Bxg5 Ne6 34. Nf5 Nxg5 35. Nh6+ Kg7 36. Nf5+ Kg6 37. Nh4+ Kh5 38. Kg3 Bd6+ 39. Kg2 Kxh4 40. Rh1+ Kg4 41. Rh6 Be5 42. Rg6 Rxa2 43. Kf1 Rxb2 44. Rg8 Kf3 45. Rf8+ Kg3 46. Rg8 Bf4 47.
Rf8 Nf3 48. Rg8+ Bg5 49. Rxg5+ Nxg5 50. Ke1 Nd4 51. Kd1 Ne4 52. Kc1 Rf2 53. Kd1 Nc3+ 54. Kc1 Nb3# 0-1

[Event "*** Titled Tuesday Blitz"]
[Site "Chess.com"]
[Date "2021.04.20"]
[Round "7"]
[White "enriquetejedor"]
[Black "CrushingKings"]
[Result "0-1"]
[WhiteElo "2621"]
[BlackElo "2515"]
[TimeControl "180+1"]
[EndTime "11:17:42 PDT"]
[Termination "CrushingKings won on time"]

1. e4 g6 2. h4 h5 3. Nc3 Bg7 4. d4 c6 5. Bc4 d5 6. exd5 b5 7. Bb3 b4 8. Nce2 cxd5 9. a3 bxa3 10. Rxa3 Nc6 11. Nf3 Nh6 12. Bxh6 Bxh6 13. Ba4 Bd7 14. Rc3 Qa5 15. Qa1 O-O 16. O-O Qb6 17. Rb3 Qc7 18. Ng5 Qd6 19. Qa3 Qf6 20. Rf3 Bf5 21.
Qc5 Rac8 22. Qxd5 Nb4 23. Qa5 Nxc2 24. Rd1 Qd6 25. Rxf5 gxf5 26. Qxf5 Qg6 27. Qxg6+ fxg6 28. Ne6 Rf6 29. Bb3 Kh7 30. Nc5 Nxd4 31. Rxd4 Rxc5 32.
Rd7 Re5 33. Nc3 Re1+ 34. Kh2 Rxf2 35. Nd5 Rxb2 36. Bc4 Rc2 37. Bb3 Rce2 38. Bc4 Re4 39. Bd3 Rxh4+ 40. Kg3 Rg4+ 41. Kf2 Re5 42. Nf6+ Kg7 43.
Nxg4 hxg4 44. Rxa7 Be3+ 45. Kg3 Bxa7 46. Kxg4 Kf6 47.
Kf3 Rg5 48. Bc4 Bb8 49. Ba2 Rg3+ 50. Kf2 Kg5 51. Bg8 Kf4 52. Bd5 g5 53. Bc6 e5 54.
Bd5 Ba7+ 55. Ke2 e4 56. Kf1 Rd3 57. Bc4 Ke3 58. Bxd3 exd3 59. Ke1 Bb6 60. Kd1 Ba5 0-1

[Event "*** Titled Tuesday Blitz"]
[Site "Chess.com"]
[Date "2021.04.20"]
[Round "7"]
[White "C_K_G"]
[Black "alejanchess73"]
[Result "0-1"]
[WhiteElo "2079"]
[BlackElo "2435"]
[TimeControl "180+1"]
[EndTime "11:17:43 PDT"]
[Termination "alejanchess73 won on time"]

1. e4 e6 2. Nf3 d5 3. Nc3 Nf6 4. e5 Nfd7 5. d4 c5 6. Bg5 Qb6 7. dxc5 Bxc5 8. Qd2 Bb4 9. a3 Bxc3 10. Qxc3 Nc6 11.
Bd3 h6 12. Bf4 Qc5 13. Qd2 g5 14. Bg3 g4 15. Ng1 Ndxe5 16. Ne2 Nxd3+ 17. Qxd3 Bd7 18. O-O O-O-O 19. b4 Qc4 20. Qd2 e5 21. Nc3 Be6 22. Rfe1 f6 23. Na4 b6 24. Nb2 Qd4 25. Qc1 b5 26. c3 Qb6 27. a4 a6 28. axb5 axb5 29.
Nd3 Nb8 30. Nc5 Rhe8 31. Qxh6 Bg8 32. Rxe5 Rxe5 33. Bxe5 d4 34. Bxd4 Qd6 35. Qg7 Qc7 36. Qxf6 Re8 37. Qf5+ Kd8 38. Rd1 Nd7 39. Bf6+ Kc8 40.
Nxd7 Be6 41. Qg6 Bxd7 42. Bh4 Qxc3 43. h3 Re1+ 44. Rxe1 Qxe1+ 45. Kh2 gxh3 46. Qa6+ Kc7 47. Bg3+ Kd8 48. Qf6+ Kc8 49. Qa6+ Kd8 50. Qa8+ Ke7 51. Bh4+ Kf7 52. Qf3+ Kg8 53. gxh3 Qe5+ 54. Bg3 Qf5 55.
Qe3 Qf7 0-1